 Dungeon Crawl Stone Soup version 0.28.0-49-g6dfe1f597d (webtiles) character file.

Game seed: 229445169172900840

86 herehavetheseflowers the Skirmisher (level 4, 0/36 HPs)
             Began as a Gnoll Wanderer on May 15, 2022.
             Was an Initiate of Ru.
             Succumbed to an adder's poison
             ... on level 2 of the Dungeon.
             The game lasted 00:13:05 (3043 turns).

herehavetheseflowers the Skirmisher (GnWn)          Turns: 3043, Time: 00:13:06

Health: 0/36       AC:  4    Str: 10    XL:     4   Next: 49%
Magic:  11/11      EV: 11    Int: 12    God:    Ru [......]
Gold:   79         SH:  0    Dex: 18    Spells: 13/13 levels left

rFire   + . .      SeeInvis .   d - staff of fire
rCold   . . .      Faith    .   (no shield)
rNeg    . . .      Spirit   .   j - +0 leather armour
rPois   .          Reflect  .   (no helmet)
rElec   .          Harm     .   (no cloak)
rCorr   .          Rampage  .   (no gloves)
Will    .....                   b - +0 pair of boots
Stlth   +++.......              (no amulet)
HPRegen 0.12/turn               g - +6 ring of dexterity
MPRegen 0.12/turn               (no ring)

@: lethally poisoned (0 -> -2)
A: fangs 1, strong nose, distributed training, frail 1, weak 1
a: Renounce Religion, Sacrifice Health, Sacrifice Artifice, Sacrifice Love,
Reject Sacrifices


You were on level 2 of the Dungeon.
You worshipped Ru.
Ru was noncommittal.
You visited 1 branch of the dungeon, and saw 2 of its levels.

You collected 79 gold pieces.

Inventory:

Hand Weapons
 a - a +0 quarterstaff
 f - a +0 short sword
 i - a +0 rapier
Missiles
 e - 5 poisoned darts (quivered)
Armour
 b - a +0 pair of boots (worn)
 c - a +0 robe
 j - a +0 leather armour (worn)
Magical Staves
 d - a staff of fire (weapon)
Jewellery
 g - a +6 ring of dexterity (left hand)
Scrolls
 h - a scroll of immolation


   Skills:
 + Level 6.6 Fighting
 + Level 1.1 Short Blades
 + Level 1.1 Long Blades
 + Level 1.1 Axes
 + Level 1.1 Maces & Flails
 + Level 1.1 Polearms
 + Level 2.7 Staves
 + Level 1.1 Slings
 + Level 1.1 Bows
 + Level 1.1 Crossbows
 + Level 1.1 Throwing
 + Level 1.1 Armour
 + Level 1.1 Dodging
 + Level 4.2 Stealth
 + Level 1.1 Shields
 + Level 1.1 Unarmed Combat
 + Level 5.1 Spellcasting
 + Level 0.9 Conjurations
 + Level 0.9 Hexes
 + Level 0.9 Summonings
 + Level 0.9 Necromancy
 + Level 0.9 Translocations
 + Level 0.9 Transmutations
 + Level 0.9 Fire Magic
 + Level 0.9 Ice Magic
 + Level 0.9 Air Magic
 + Level 0.9 Earth Magic
 + Level 0.9 Poison Magic
 + Level 1.2 Invocations
 + Level 2.7 Evocations


You had 13 spell levels left.
You didn't know any spells.
Your spell library contained the following spells:

 Spells                   Type           Power      Damage    Failure   Level
 Foxfire                  Conj/Fire      28%        2x1d5     19%         1
 Freeze                   Ice            20%        1d4       19%         1
 Slow                     Hex            20%        N/A       19%         1
 Call Imp                 Summ           5%         N/A       28%         2


Dungeon Overview and Level Annotations

Branches:
Dungeon (2/15)

Altars:
Ru


Innate Abilities, Weirdness & Mutations

You have very sharp teeth.
Your uncanny sense of smell can sniff out nearby items.
Your experience applies equally to all skills.
You are frail. (-10% HP)
You are weak. (Str -2)


Message History

The adder is almost dead.
You feel sick. The adder barely misses you.
You closely miss the adder.
The adder is almost dead.
You feel sick. The adder bites you but does no damage.
The adder closely misses you.
You barely miss the adder. Your punch misses the adder.
The adder is almost dead.
You feel sick. The adder bites you.
* * * LOW HITPOINT WARNING * * *
You closely miss the adder.
The adder is almost dead.
You feel sick.
You are no longer poisoned.
The adder bites you but does no damage. The adder bites you.
* * * LOW HITPOINT WARNING * * *
You are poisoned.
The adder poisons you!
You hit the adder but do no damage.
The adder is almost dead.
* * * LOW HITPOINT WARNING * * *
You feel sick. The adder bites you.
* * * LOW HITPOINT WARNING * * *
Unknown command.
You hit the adder.
You kill the adder!
* * * LOW HITPOINT WARNING * * *
You feel sick.
* * * LOW HITPOINT WARNING * * *
You feel sick.
You see here an adder corpse.
There is a lethal amount of poison in your body!
There is a lethal amount of poison in your body!
There is a lethal amount of poison in your body!
There is a lethal amount of poison in your body!
There is a lethal amount of poison in your body!
There is a lethal amount of poison in your body!
* * * LOW HITPOINT WARNING * * *
You feel sick.
You die...

#######.## ##'##
#........# ##...#
#.#####..#
##....( ####..#
#......
#...†.####.......
#........+.......
#
#.#...####.......
#.##.##..#
##......
#..@.....#
##.....
########.# ##...#
.# ##+# .# ∆ ..


There were no monsters in sight!

Vanquished Creatures
  4 adders (D:2)
  2 dart slugs
  5 ball pythons (D:1)
  5 endoplasms
  2 goblins
  3 hobgoblins
  6 jackals (D:1)
  6 kobolds
  A quokka (D:1)
  3 bats
  3 frilled lizards (D:1)
  4 rats
44 creatures vanquished.

Notes
Turn   | Place    | Note
-------+----------+-------------------------------------------
     0 | D:1      | herehavetheseflowers the Gnoll Wanderer began the quest for
                  | the Orb.
     0 | D:1      | herehavetheseflowers set off with the following items: a +0
                  | quarterstaff, a +0 pair of boots, a +0 robe; and the
                  | following spells available to memorise: Foxfire, Freeze,
                  | Slow, Call Imp
     0 | D:1      | Reached XP level 1. HP: 23/23 MP: 6/6
   330 | D:1      | Reached XP level 2. HP: 24/29 MP: 7/7
   732 | D:1      | Reached XP level 3. HP: 17/35 MP: 9/9
   954 | D:1      | Reached skill level 5 in Spellcasting
   965 | D:1      | HP: 1/35 [endoplasm (1)]
  1336 | D:1      | Found a faded altar of an unknown god.
  1656 | D:1      | Reached skill level 1 in Invocations
  2037 | D:1      | Prayed at the altar of an unknown god.
  2037 | D:1      | Became a worshipper of Ru the Awakened
  2151 | D:2      | Reached skill level 1 in Short Blades
  2151 | D:2      | Reached skill level 1 in Long Blades
  2151 | D:2      | Reached skill level 1 in Axes
  2151 | D:2      | Reached skill level 1 in Maces & Flails
  2151 | D:2      | Reached skill level 1 in Polearms
  2151 | D:2      | Reached skill level 1 in Slings
  2151 | D:2      | Reached skill level 1 in Bows
  2151 | D:2      | Reached skill level 1 in Crossbows
  2151 | D:2      | Reached skill level 1 in Throwing
  2151 | D:2      | Reached skill level 1 in Armour
  2151 | D:2      | Reached skill level 1 in Dodging
  2151 | D:2      | Reached skill level 1 in Shields
  2151 | D:2      | Reached skill level 1 in Unarmed Combat
  2151 | D:2      | Reached XP level 4. HP: 21/41 MP: 11/11
  2189 | D:2      | HP: 2/41 [poisoned by an adder]
  2190 | D:2      | Gained mutation: You are frail. (-10% HP) [potion of
                  | mutation]
  2190 | D:2      | Gained mutation: You are weak. (Str -2) [potion of
                  | mutation]
  3042 | D:2      | HP: 1/36 [poisoned by an adder]
  3043 | D:2      | Succumbed to an adder's poison

Illustrated notes

Levels and vault maps discovered:
D:1:      dpeg_arrival_more_subterranean_lakeside_camping, layout_basic,
          hellmonk_ecumenical_altar_blasted, hangedman_decor_points
D:2:      layout_loops_corners

Skill      XL: |  1  2  3 |
---------------+----------+-----
Spellcasting   | 5 |  5.1
Invocations    | 1 |  1.2
Short Blades   | 1 |  1.1
Long Blades    | 1 |  1.1
Axes           | 1 |  1.1
Maces & Flails | 1 |  1.1
Polearms       | 1 |  1.1
Slings         | 1 |  1.1
Bows           | 1 |  1.1
Crossbows      | 1 |  1.1
Throwing       | 1 |  1.1
Armour         | 1 |  1.1
Dodging        | 1 |  1.1
Shields        | 1 |  1.1
Unarmed Combat | 1 |  1.1
Fighting       | |  6.6
Staves         | |  2.7
Stealth        | |  4.2
Conjurations   | |  0.9
Hexes          | |  0.9
Summonings     | |  0.9
Necromancy     | |  0.9
Translocations | |  0.9
Transmutations | |  0.9
Fire Magic     | |  0.9
Ice Magic      | |  0.9
Air Magic      | |  0.9
Earth Magic    | |  0.9
Poison Magic   | |  0.9
Evocations     | |  2.7

Action                   |  1- 3 |  4- 6 || total
-------------------------+-------+-------++-------
Melee: Staff             |   156 |    54 ||   210
       Bite              |    16 |     6 ||    22
       Punch             |     3 |     1 ||     4
Throw: Dart              |     1 |       ||     1
  Use: Potion            |     1 |     2 ||     3
       Scroll            |     1 |       ||     1
 Stab: Sleeping          |     6 |     2 ||     8
Armor: Robe              |    32 |       ||    32
       Leather armour    |    14 |    12 ||    26
Dodge: Dodged            |    95 |    26 ||   121
